 Dungeon Crawl Stone Soup version 0.22.0-6-g71bd7aa (webtiles) character file.

657 Amnesiac the Gusty (level 7, 0/46 HPs)
             Began as a Mummy Air Elementalist on Aug 15, 2018.
             Slain by an orc wizard
             ... wielding a +0 dagger
              (5 damage)
             ... on level 5 of the Dungeon.
             The game lasted 00:07:56 (2892 turns).

Amnesiac the Gusty (Mummy Air Elementalist)         Turns: 2892, Time: 00:07:57

Health: 0/46       AC:  2    Str: 12    XL:     7   Next: 29%
Magic:  9/16       EV: 12    Int: 16    God:
Gold:   57         SH:  0    Dex: 12    Spells: 6/18 levels left

rFire    x . .     SeeInvis .   k - +0 quarterstaff (protect)
rCold    + . .     Gourm    .   (shield currently unavailable)
rNeg     + + +     Faith    .   a - +0 robe
rPois    ∞         Spirit   .   (no helmet)
rElec    .         Reflect  .   (no cloak)
rCorr    .         Harm     .   (no gloves)
MR       .....                  (no boots)
Stlth    ++........             (no amulet)
HPRegen  0.15/turn              (no ring)
MPRegen  0.15/turn              (no ring)

@: no status effects
A: no food or potions, fire vulnerability, cold resistance 1, negative energy
resistance 3, torment resistance, unbreathing
a: no special abilities


You were on level 5 of the Dungeon.
You were not hungry.

You visited 1 branch of the dungeon, and saw 5 of its levels.
You also visited: Sewer.

You collected 57 gold pieces.

Inventory:

Hand Weapons
 h - a +0 blowgun
 k - a +0 quarterstaff of protection (weapon)
Armour
 a - a +0 robe (worn)
Scrolls
 c - 4 scrolls of teleportation {!r, unknown}
 d - a scroll of enchant armour {!r, unknown}
 f - 2 scrolls of fear {!r, unknown}
 g - a scroll of remove curse {!r}
 i - 2 scrolls of fog {!r, unknown}
 j - 2 scrolls of identify {!r, unknown}


   Skills:
 - Level 1.5 Dodging
 - Level 1.5 Stealth
 + Level 6.0 Spellcasting
 - Level 0.7 Conjurations
 * Level 6.0 Air Magic


You had 6 spell levels left.
You knew the following spells:

 Your Spells              Type           Power        Failure   Level  Hunger
a - Shock                 Conj/Air       ###.         3%          1    N/A
b - Lightning Bolt        Conj/Air       ###.......   67%         5    N/A
d - Airstrike             Air            ###.......   12%         4    N/A
z - Swiftness             Chrm/Air       ##......     6%          2    N/A

Your spell library contained the following spells:

 Spells                   Type           Power        Failure   Level  Hunger
 Static Discharge         Conj/Air       ###.....     11%         3    N/A

Dungeon Overview and Level Annotations

Branches:
Dungeon (5/15)
 Temple: D:4-7

Altars:

Shops:
D:4 =


Innate Abilities, Weirdness & Mutations

You do not eat or drink.
Your flesh is vulnerable to fire.
You are immune to poison.
Your flesh is cold resistant. (rC+)
You are immune to negative energy. (rN+++)
You are immune to unholy pain and torment.
You can survive without breathing.


Message History

The zap hits the scorpion.
The scorpion is lightly wounded.
The zap hits the scorpion.
The scorpion is moderately wounded.
Something hits you but does no damage. The scorpion stings you.
Something hits you.
Casting: Shock (safe; 3% risk of failure)
Confirm with . or Enter, or press ? or * to list all spells.
Aiming: Shock (safe; 3% risk of failure)
Press: ? - help, Shift-Dir - straight line The zap hits the scorpion.
The scorpion appears unharmed.
The scorpion is moderately wounded.
The zap hits the scorpion.
The scorpion is heavily wounded.
Something hits you. The scorpion completely misses you.
Casting: Shock (safe; 3% risk of failure)
Confirm with . or Enter, or press ? or * to list all spells.
Aiming: Shock (safe; 3% risk of failure)
Press: ? - help, Shift-Dir - straight line The zap hits the scorpion.
The scorpion is severely wounded.
The zap hits the scorpion.
The scorpion is severely wounded.
You hear some strange, mumbled words.
A puff of flame appears from out of thin air!
The puff of flame hits you! The fire burns you terribly!
The scorpion stings you.
* * * LOW HITPOINT WARNING * * *
You hear some strange, mumbled words.
A puff of frost appears from out of thin air!
The puff of frost hits you! You resist.
* * * LOW HITPOINT WARNING * * *
Casting: Shock (safe; 3% risk of failure)
Confirm with . or Enter, or press ? or * to list all spells.
Aiming: Shock (safe; 3% risk of failure)
Press: ? - help, Shift-Dir - straight line The zap misses the scorpion.
The zap hits the scorpion.
The scorpion is severely wounded.
Something hits you.
* * * LOW HITPOINT WARNING * * *
The scorpion misses you.
Casting: Shock (safe; 3% risk of failure)
Confirm with . or Enter, or press ? or * to list all spells.
Aiming: Shock (safe; 3% risk of failure)
Press: ? - help, Shift-Dir - straight line The zap misses the scorpion.
The zap hits the scorpion.
You kill the scorpion!
Your Spellcasting skill increases to level 6!
Your Air Magic skill increases to level 6!
Something hits you.
* * * LOW HITPOINT WARNING * * *
Something hits you.
* * * LOW HITPOINT WARNING * * *
You see here a scorpion corpse.
Something hits you.
* * * LOW HITPOINT WARNING * * *
Casting: Shock (safe; 3% risk of failure)
Confirm with . or Enter, or press ? or * to list all spells.
Aiming: Shock (safe; 3% risk of failure)
Press: ? - help, Shift-Dir - straight line The zap hits something. x2; Something hits you.
* * * LOW HITPOINT WARNING * * *
Something hits you.
You die...

##########
..oooo.o.#
########o#
#.# #@#
#.# #.#
#.# ..#
..# # ##
.## ##...
.# ..#.


You could see 2 orcs.

Vanquished Creatures
  Sigmund (D:4)
  An ogre (D:4)
  A big kobold (Sewer)
  3 scorpions
  An orc wizard (D:4)
  2 worker ants (D:4)
  2 river rats (Sewer)
  4 adders
  5 oozes
  2 dart slugs (D:1)
  A leopard gecko (D:3)
  4 orcs (D:4)
  3 ball pythons (Sewer)
  A giant cockroach (D:1)
  A goblin (D:1)
  2 hobgoblins (D:1)
  4 jackals (D:2)
  8 kobolds
  3 quokkas
  2 bats
  10 rats
61 creatures vanquished.

Notes
Turn   | Place    | Note
-------+----------+-------------------------------------------
     0 | D:1      | Amnesiac the Mummy Air Elementalist began the quest for the Orb.
     0 | D:1      | Reached XP level 1. HP: 13/13 MP: 4/4
   188 | D:1      | Reached XP level 2. HP: 15/19 MP: 3/5
   196 | D:1      | Learned a level 2 spell: Swiftness
   874 | D:3      | Found a glowing drain.
   878 | Sewer    | Entered a sewer
   890 | Sewer    | Reached XP level 3. HP: 23/24 MP: 3/7
  1119 | Sewer    | Reached XP level 4. HP: 24/30 MP: 3/9
  1125 | Sewer    | Learned a level 4 spell: Airstrike
  1496 | Sewer    | Noticed a big kobold
  1521 | Sewer    | Killed a big kobold
  1521 | Sewer    | Reached XP level 5. HP: 20/35 MP: 1/11
  1890 | D:4      | Noticed an ogre
  1928 | D:4      | Killed an ogre
  2024 | D:3      | Reached XP level 6. HP: 41/41 MP: 9/13
  2044 | D:3      | Learned a level 5 spell: Lightning Bolt
  2122 | D:4      | Reached skill level 5 in Spellcasting
  2122 | D:4      | Reached skill level 5 in Air Magic
  2380 | D:4      | Found Potil's Jewellery Shop.
  2583 | D:5      | Entered Level 5 of the Dungeon
  2763 | D:4      | Noticed Sigmund
  2774 | D:4      | Killed Sigmund
  2774 | D:4      | Reached XP level 7. HP: 30/46 MP: 6/15
  2892 | D:5      | Slain by an orc wizard

Skill      XL: |  1  2  3  4  5  6  7 |
---------------+----------------------+-----
Air Magic      | 3 4 5 6 |  6.0
Spellcasting   | 3 4 5 6 |  6.0
Dodging        | |  1.5
Stealth        | |  1.5
Conjurations   | |  0.7

Action                   |  1- 3 |  4- 6 |  7- 9 || total
-------------------------+-------+-------+-------++-------
Melee: Unarmed           |     3 |       |       ||     3
       Dagger            |     4 |       |       ||     4
       Quarterstaff      |       |     3 |     2 ||     5
 Fire: Hunting sling     |    14 |     8 |       ||    22
 Cast: Shock             |    51 |    94 |     9 ||   154
       Airstrike         |       |     1 |       ||     1
  Use: Scroll            |     1 |       |       ||     1
Armor: Robe              |     6 |     2 |     1 ||     9
Dodge: Dodged            |    29 |    37 |     4 ||    70
